 Dungeon Crawl Stone Soup version 0.27-a0-1548-gf8a67e7463 (webtiles) character file.

Game seed: 9167865543045815384

965 ipx the Digger (level 7, 0/36 HPs)
             Began as a Deep Elf Earth Elementalist on July 13, 2021.
             Slain by Duvessa (5 damage)
             ... on level 6 of the Dungeon.
             The game lasted 00:29:50 (1560 turns).

ipx the Digger (Deep Elf Earth Elementalist)        Turns: 1560, Time: 00:29:51

Health: 0/36       AC:  3    Str:  5    XL:     7   Next: 93%
Magic:  6/15       EV: 12    Int: 34    God:
Gold:   191        SH:  0    Dex: 15    Spells: 4/14 levels left

rFire    . . .     SeeInvis .   a - +2 mace (venom)
rCold    . . .     Faith    .   (no shield)
rNeg     . . .     Spirit   .   l - +0 robe
rPois    .         Reflect  .   (no helmet)
rElec    .         Harm     .   p - +0 cloak
rCorr    .         Rampage  .   (no gloves)
Will     .....                  (no boots)
Stlth    ++........             (no amulet)
HPRegen  0.12/turn              I - +6 ring of intelligence
MPRegen  0.14/turn              O - +6 ring of intelligence

@: no status effects
A: no striking features
a: no special abilities


You were on level 6 of the Dungeon.
You visited 1 branch of the dungeon, and saw 7 of its levels.

You collected 191 gold pieces.

Inventory:

Hand Weapons
 a - a +2 mace of venom (weapon)
 b - a +1 dagger of distortion
Missiles
 W - 50 stones
Armour
 l - a +0 robe (worn)
 m - a +0 buckler
 p - a +0 cloak (worn)
Magical Staves
 e - a staff of poison
Jewellery
 i - a ring of ice
 I - a +6 ring of intelligence (left hand)
 O - a +6 ring of intelligence (right hand)
Wands
 q - a wand of flame (18)
Scrolls
 c - 2 scrolls of magic mapping {unknown}
 d - a scroll of amnesia {unknown}
 f - 3 scrolls of identify {unknown}
 g - 3 scrolls of teleportation {unknown}
 j - 2 scrolls of fear {unknown}
 o - a scroll of brand weapon {unknown}
Potions
 h - 2 potions of brilliance {unknown}
 k - 2 potions of might {unknown}
 n - a potion of degeneration {unknown}


   Skills:
 - Level 2.4 Dodging
 - Level 2.4 Stealth
 + Level 2.8 Shields
 - Level 4.0 Spellcasting
 - Level 3.0 Conjurations
 - Level 4.0 Transmutations
 + Level 7.9 Earth Magic


You had 4 spell levels left.
You knew the following spells:

 Your Spells              Type           Power      Damage    Failure   Level
r - Stone Arrow           Conj/Erth      86%        3d12      1%          3
t - Petrify               Tmut/Erth      47%        N/A       4%          4
w - Passwall              Tmut/Erth      39%        N/A       1%          2
z - Sandblast             Erth           100%       2d20      1%          1

Your spell library contained the following spells:

 Spells                   Type           Power      Damage    Failure   Level
 Slow                     Hex            6%         N/A       8%          2
 Confusing Touch          Hex            6%         N/A       14%         3
 Frozen Ramparts          Ice            12%        1d3       14%         3
 Vampiric Draining        Necr           3%         2d6       14%         3
 Ice Form                 Ice/Tmut       20%        N/A       22%         4
 Summon Ice Beast         Ice/Summ       6%         N/A       43%         4


Dungeon Overview and Level Annotations

Branches:
Dungeon (7/15)
 Temple: D:4-7

Altars:
Cheibriados

Annotations:
D:3 1 runed translucent door, sagitran's ghost, weakling DsVM
D:4 Edmund; Grinder
D:5 3 runed translucent doors, askman's ghost, novice DsFi
D:6 Duvessa
D:7 3 runed translucent doors, askman's ghost, novice DsFi


Message History

You hit Duvessa but do no damage.
Duvessa is lightly wounded.
The helpless Duvessa fails to defend herself.
You hit Duvessa.
Duvessa is poisoned.
Duvessa is lightly wounded.
The helpless Duvessa fails to defend herself.
You hit Duvessa.
Duvessa is lightly wounded.
The helpless Duvessa fails to defend herself.
You hit Duvessa.
Duvessa looks as sick as possible!
Duvessa is moderately wounded.
The helpless Duvessa fails to defend herself.
You hit Duvessa.
Duvessa looks as sick as possible!
Duvessa is moderately wounded.
The helpless Duvessa fails to defend herself.
You hit Duvessa.
Duvessa looks as sick as possible!
Duvessa is moderately wounded.
The helpless Duvessa fails to defend herself.
You hit Duvessa but do no damage.
Duvessa looks as sick as possible!
Duvessa is moderately wounded.
The helpless Duvessa fails to defend herself.
You hit Duvessa.
Duvessa is moderately wounded.
Duvessa is no longer petrified.
Duvessa hits you with a +0 short sword. Duvessa hits you with a +0 short sword!
Okay, then.
Unknown command.
Okay, then.
Unknown command.
Casting: Sandblast (safe; 1% risk of failure)
Confirm with . or Enter, or press ? or * to list all spells.
Aiming: Stone Arrow (safe; 1% risk of failure)
Press: ? - help, Shift-Dir - straight line, f/p - Duvessa
Aim: Duvessa, wielding a +0 short sword and wearing a +0 leather armour (moderately wounded, berserk, extremely poisoned, 79% to hit)
The stone arrow hits Duvessa!!
Duvessa is severely wounded.
Duvessa hits you with a +0 short sword!
* * * LOW HITPOINT WARNING * * *
Duvessa hits you with a +0 short sword.
You die...

### ..# ########.# ##........# #
#.....#.#.# .# ###
#####..##.#.#.#..#.## ...
#............@e...... ...
####.###..##.#.#..#...## #(#
..........##.#.#............
###...##.......#....?..#.#.#####
........................e......#
###...###.....############)###
#.#...# #.....# #...........#
..#...######.#####.#######.#.#
#.#.>.................# #.#.#


You could see Duvessa (berserk, extremely poisoned).

Vanquished Creatures
  An ice beast (D:7)
  3 necrophages
  A phantom (D:5)
  2 scorpions
  Dowan (D:6)
  A bullfrog zombie (D:5)
  A hound (D:5)
  A bullfrog skeleton (D:5)
  A gnoll shaman (D:4)
  A centaur skeleton (D:6)
  Natasha (D:2)
  A hound skeleton (D:4)
  A howler monkey zombie (D:6)
  8 gnolls (D:4)
  4 adders
  3 dart slugs
  5 orcs
  3 endoplasms
  6 giant cockroaches
  3 goblins
  6 hobgoblins
  3 jackals (D:3)
  2 quokkas
  2 frilled lizards
  5 kobolds
  7 rats
73 creatures vanquished.

Vanquished Creatures (others)
  4 plants (D:3)
4 creatures vanquished.

Grand Total: 77 creatures vanquished

Notes
Turn   | Place    | Note
-------+----------+-------------------------------------------
     0 | D:1      | ipx the Deep Elf Earth Elementalist began the quest for the
                  | Orb.
     0 | D:1      | Reached XP level 1. HP: 10/10 MP: 6/6
    29 | D:1      | Found a faded altar of an unknown god.
    74 | D:1      | Reached skill level 4 in Earth Magic
    74 | D:1      | Reached XP level 2. HP: 15/15 MP: 0/8
   131 | D:1      | Learned a level 2 spell: Passwall
   234 | D:2      | Noticed Natasha
   259 | D:2      | Killed Natasha
   260 | D:2      | Reached XP level 3. HP: 18/19 MP: 5/9
   273 | D:2      | Learned a level 3 spell: Stone Arrow
   396 | D:3      | Found a snail-covered altar of Cheibriados.
   441 | D:3      | Reached skill level 1 in Conjurations
   476 | D:3      | Found a runed translucent door.
   480 | D:3      | Noticed sagitran's ghost (weakling DsVM)
   520 | D:3      | Reached XP level 4. HP: 24/24 MP: 8/10
   643 | D:3      | Noticed a necrophage
   650 | D:3      | Killed a necrophage
   651 | D:3      | Reached skill level 5 in Earth Magic
   651 | D:3      | Reached XP level 5. HP: 28/28 MP: 5/11
   685 | D:4      | Noticed Edmund
   845 | D:4      | Learned a level 4 spell: Petrify
   907 | D:4      | Reached XP level 6. HP: 32/32 MP: 5/13
   934 | D:4      | Reached skill level 6 in Earth Magic
   969 | D:4      | Noticed Grinder
  1074 | D:5      | Entered Level 5 of the Dungeon
  1199 | D:5      | Reached XP level 7. HP: 36/36 MP: 9/15
  1211 | D:5      | Found a runed translucent gate.
  1211 | D:5      | Found a runed translucent gate.
  1211 | D:5      | Found a runed translucent gate.
  1272 | D:5      | Reached skill level 1 in Shields
  1272 | D:5      | Reached skill level 7 in Earth Magic
  1315 | D:5      | Noticed askman's ghost (novice DsFi)
  1381 | D:6      | Noticed Duvessa
  1381 | D:6      | Noticed Dowan
  1406 | D:7      | Found a runed translucent gate.
  1406 | D:7      | Found a runed translucent gate.
  1406 | D:7      | Found a runed translucent gate.
  1406 | D:7      | Noticed askman's ghost (novice DsFi)
  1511 | D:6      | Killed Dowan
  1560 | D:6      | Slain by Duvessa

Illustrated notes

Levels and vault maps discovered:
D:1:      ncdulo_wetmaze, layout_basic, shapermc_ecumenical_altar_venn,
          serial_shops, shop_coins
D:2:      wad_river_or_something, layout_basic, uniq_natasha
D:3:      layout_rooms, mainiacjoe_overflow_chevrons, ebering_ghost_sewer_d,
          minmay_distorted
D:4:      layout_rooms, uniq_grinder, uniq_edmund
D:5:      layout_basic, gammafunk_ghost_icy, hangedman_decor_points,
          uniq_blork_the_orc
D:6:      layout_basic, minmay_temple_entry_fiery, uniq_duvessa, uniq_maggie
D:7:      layout_basic, ebering_ghost_rock_garden

Skill      XL: |  1  2  3  4  5  6  7 |
---------------+----------------------+-----
Earth Magic    | 4 5 6 7 |  7.9
Transmutations | 2 4 |  4.0
Conjurations   | 1 2 3 |  3.0
Spellcasting   | 4 |  4.0
Shields        | 2 |  2.8
Dodging        | |  2.4
Stealth        | |  2.4

Action                   |  1- 3 |  4- 6 |  7- 9 || total
-------------------------+-------+-------+-------++-------
Melee: Mace              |       |       |     8 ||     8
 Cast: Sandblast         |    41 |    48 |    17 ||   106
       Passwall          |     1 |       |       ||     1
       Stone Arrow       |       |     5 |     7 ||    12
       Petrify           |       |       |     2 ||     2
Evoke: Wand              |       |       |     3 ||     3
 Stab: Petrified         |       |       |     8 ||     8
Armor: Robe              |     1 |     2 |       ||     3
Dodge: Dodged            |     3 |    22 |     2 ||    27

Table legend: (Time is in decaauts)
 A = Elapsed time spent in this place.
 B = Non-inter-level travel time spent in this place.
 C = Inter-level travel time spent in this place.
 D = Time resting spent in this place.
 E = Time spent auto-exploring this place.
 F = Levels seen in this place.
 G = Mean time per level.
                   A        B        C        D        E       F      G
               +--------+--------+--------+--------+--------+-----+--------+
         Total |   1604 |   1567 |     37 |      0 |      0 |   7 |  229.1 |
       Dungeon |   1604 |   1567 |     37 |      0 |      0 |   7 |  229.1 |
               +--------+--------+--------+--------+--------+-----+--------+

Top non-repeatable levels by time:
     D:4: 337 daAuts
     D:3: 277 daAuts
     D:5: 270 daAuts
     D:1: 256 daAuts
     D:2: 243 daAuts
     D:6: 195 daAuts
     D:7: 21 daAuts
